 Dungeon Crawl Stone Soup version 0.26.1-2-gb8aa6d0cf2 (webtiles) character file.

Game seed: 9278598120552700978

189 Groucho the Covert (level 5, -5/24 HPs)
             Began as a Spriggan Enchanter on Feb 24, 2021.
             Slain by a goblin
             ... wielding a +0 club
             ... led by Robin
              (9 damage)
             ... on level 3 of the Dungeon.
             The game lasted 00:08:44 (7256 turns).

Groucho the Covert (Spriggan Enchanter)             Turns: 7256, Time: 00:08:45

Health: -5/24      AC:  2    Str:  5    XL:     5   Next: 40%
Magic:  8/11       EV: 18    Int: 16    God:
Gold:   86         SH:  0    Dex: 17    Spells: 4/10 levels left

rFire    . . .     SeeInvis +   a - +1 dagger
rCold    . . .     Faith    .   (shield restricted)
rNeg     . . .     Spirit   .   b - +0 robe
rPois    .         Reflect  .   (helmet restricted)
rElec    .         Harm     .   (no cloak)
rCorr    .         Rampage  .   (gloves unavailable)
Will     .....                  (boots unavailable)
Stlth    ++++......             (no amulet)
HPRegen  0.08/turn              (no ring)
MPRegen  0.12/turn              (no ring)

@: confusing touch, very quick
A: very small, unfitting armour, see invisible, speed 3
a: no special abilities


You were on level 3 of the Dungeon.
You visited 1 branch of the dungeon, and saw 3 of its levels.

You collected 86 gold pieces.

Inventory:

Hand Weapons
 a - a +1 dagger (weapon)
Missiles
 m - 6 boomerangs of dispersal
 p - 5 poisoned darts (quivered)
Armour
 b - a +0 robe (worn)
Jewellery
 i - a +6 ring of intelligence {unknown}
Scrolls
 e - a scroll of enchant weapon {unknown}
 h - 3 scrolls of identify {unknown}
 j - a scroll of remove curse {unknown}
 k - a scroll of teleportation {unknown}
 l - a scroll of magic mapping {unknown}
 n - a scroll of immolation {unknown}
 o - a scroll of fear {unknown}
 q - a scroll of noise {unknown}
Potions
 c - 2 potions of haste {unknown}
 d - a potion of mutation {unknown}
 f - a potion of heal wounds {unknown}
 g - a potion of invisibility {unknown}
 r - a potion of curing {unknown}
 s - a potion of degeneration {unknown}


   Skills:
 - Level 1.1 Short Blades
 - Level 3.0 Dodging
 + Level 8.6 Stealth
 + Level 3.4 Spellcasting
 + Level 4.2 Hexes


You had 4 spell levels left.
You knew the following spells:

 Your Spells              Type           Power        Failure   Level
a - Corona                Hex            17%          3%          1
b - Ensorcelled Hibernat  Hex/Ice        18%          12%         2
c - Confusing Touch       Hex            16%          10%         3

Your spell library contained the following spells:

 Spells                   Type           Power        Failure   Level
 Tukima's Dance           Hex            16%          10%         3
 Dazzling Flash           Conj/Hex       18%          22%         3


Dungeon Overview and Level Annotations

Branches:
Dungeon (3/15)

Altars:
Trog

Annotations:
D:3 Robin


Innate Abilities, Weirdness & Mutations

You are very small and have problems with some larger weapons.
You are too small for most types of armour.
You have supernaturally acute eyesight. (SInv)
You cover ground extremely quickly.


Message History

You completely miss the goblin. The goblin misses you.
The goblin hits you with a +0 club.
Robin roars a battlecry!
The goblins go into a battle-frenzy!
A rat comes into view.
The hobgoblin barely misses you.
You hit the goblin but do no damage. The goblin barely misses you.
The goblin closely misses you.
You closely miss the goblin. The hobgoblin hits you with a +0 club!
The goblin hits you but does no damage.
Robin roars a battlecry!
The goblin goes into a battle-frenzy!
You barely miss the goblin. The goblin hits you with a +0 club.
* * * LOW HITPOINT WARNING * * *
The hobgoblin hits you but does no damage.
The goblin hits you with a +0 dagger.
* * * LOW HITPOINT WARNING * * *
Robin says, "We wiped out the hill dwarves - you're next!"
The goblin hits you with a +0 club!
You die...

#. #. ##. ### .
.. .. #.####.
$#
#......###.###
......†.gg...##
#..gg#g...##
##.#@gg....#
#.###g#..... ..
..# ..g ##.
..g# . #. #....
#. ##... #.
..?. ...


You could see Robin, 2 hobgoblins and 6 goblins.

Vanquished Creatures
  A phantom (D:2)
  5 adders (D:2)
  2 dart slugs (D:1)
  3 leopard geckos
  A giant cockroach (D:2)
  9 goblins
  2 hobgoblins
  2 quokkas (D:2)
  6 bats
  3 frilled lizards
  8 kobolds
  8 rats
50 creatures vanquished.

Notes
Turn   | Place    | Note
-------+----------+-------------------------------------------
     0 | D:1      | Groucho the Spriggan Enchanter began the quest for the Orb.
     0 | D:1      | Reached XP level 1. HP: 9/9 MP: 5/5
    57 | D:2      | Reached skill level 5 in Stealth
    57 | D:2      | Reached XP level 2. HP: 13/13 MP: 6/6
   554 | D:1      | Reached skill level 6 in Stealth
  1535 | D:2      | Learned a level 2 spell: Ensorcelled Hibernation
  2070 | D:1      | Reached XP level 3. HP: 16/16 MP: 8/8
  2074 | D:1      | Learned a level 3 spell: Confusing Touch
  3128 | D:2      | Reached skill level 7 in Stealth
  3167 | D:2      | Found a bloodstained altar of Trog.
  3638 | D:2      | Reached XP level 4. HP: 21/21 MP: 6/9
  4863 | D:2      | Noticed a phantom
  5690 | D:2      | Reached skill level 8 in Stealth
  7125 | D:2      | Killed a phantom
  7126 | D:2      | Reached XP level 5. HP: 24/24 MP: 5/11
  7198 | D:3      | Noticed Robin
  7256 | D:3      | Slain by a goblin

Illustrated notes

Levels and vault maps discovered:
D:1:      onia_arrival_pyramid, layout_rooms
D:2:      layout_basic, trog_three_pillars_becter
D:3:      layout_rooms, hex_large, uniq_jessica, uniq_robin

Skill      XL: |  1  2  3  4 |
---------------+-------------+-----
Stealth        | 5 6 7 8 |  8.6
Spellcasting   | 3 |  3.4
Hexes          | 4 |  4.2
Short Blades   | |  1.1
Dodging        | |  3.0

Action                   |  1- 3 |  4- 6 || total
-------------------------+-------+-------++-------
Melee: Dagger            |    69 |   120 ||   189
Throw: Dart              |    41 |    26 ||    67
 Cast: Ensorcelled Hiber |     5 |     1 ||     6
       Confusing Touch   |       |     9 ||     9
 Stab: Sleeping          |    10 |     9 ||    19
       Confused          |       |     6 ||     6
Armor: Robe              |     4 |    16 ||    20
Dodge: Dodged            |    55 |    75 ||   130
